Map: Odyssey LE

Players

soO

  • Race: Zerg Zerg
  • Spawn Location: 5:00

ByuN - Winner!

  • Race: Terran Terran
  • Spawn Location: 11:00

VOD

Have the link to the VOD?

Description

Time

  • Played on: July 29, 2017, 1:16 a.m.
  • Length: 17:30
Show
View Real Time Build Order
Export as new Build Order

soO Zerg 

Build Orders: Hatch First 

Get SALT Encoding   

  12  0:00  Drone  
  13  0:12  Overlord  
  13  0:17  Drone  
  14  0:30  Drone x2  
  14  0:34  Drone  
  17  0:51  Hatchery  
  17  0:53  Drone  
  17  0:56  Drone  
  18  1:08  Extractor  
  18  1:11  Spawning Pool  
  16  1:14  Drone  
  16  1:18  Drone  
  18  1:27  Drone  
  19  1:39  Overlord  
  19  1:57  Queen  
  19  1:58  Zergling x2  
  19  1:59  Zergling x2  
  23  2:03  Queen, Zergling x2  
  23  2:07  Metabolic Boost  
  26  2:12  Drone  
  26  2:14  Drone  
  28  2:21  Drone  
  29  2:28  Drone  
  30  2:33  Queen  
  32  2:39  Drone  
  32  2:41  Zergling x2  
  33  2:46  Zergling x4  
  35  2:54  Overlord  
  35  3:00  Zergling x2  
  35  3:01  Evolution Chamber  
  36  3:05  Zergling x2  
  36  3:06  Overlord  
  36  3:14  Zergling x12  
  36  3:17  Spore Crawler  
  41  3:25  Zergling x2  
  41  3:26  Zergling x2  
  42  3:27  Zergling x2  
  42  3:32  Zerg Ground Armor Level 1  
  44  3:41  Drone x2  
  44  3:42  Zergling x4  
  44  3:44  Drone  
  44  3:46  Drone  
  49  3:53  Drone x3  
  52  3:59  Overlord  
  52  4:14  Hatchery  
  52  4:17  Drone  
  52  4:21  Drone x2  
  52  4:25  Drone  
  52  4:26  Drone x2  
  52  4:29  Zergling x4  
  57  4:33  Overlord  
  57  4:37  Zergling x4  
  58  4:41  Zergling x2  
  58  4:44  Overlord  
  59  4:47  Overlord  
  59  4:52  Zergling x6  
  62  4:55  Queen  
  64  5:01  Zergling x2  
  64  5:03  Zergling x4  
  64  5:04  Zergling x2  
  68  5:09  Zergling x2  
  68  5:14  Zergling x6  
  71  5:23  Drone x2  
  74  5:28  Drone  
  74  5:29  Zerg Melee Weapons Level 1  
  74  5:30  Drone x4  
  74  5:35  Drone  
  77  5:43  Drone x3  
  77  5:45  Queen x2, Drone x2  
  77  5:47  Drone  
  87  5:52  Drone  
  87  5:56  Overlord  
  88  5:57  Drone  
  88  6:01  Baneling Nest, Extractor  
  88  6:02  Spore Crawler  
  88  6:03  Spore Crawler  
  85  6:09  Zergling x10  
  85  6:19  Zergling x12  
  85  6:21  Zergling x4  
  86  6:27  Drone x2  
  86  6:28  Spore Crawler, Lair  
  86  6:31  Drone x4  
  90  6:36  Drone x2  
  90  6:45  Drone x2  
  90  6:46  Drone  
  92  6:55  Drone x2  
  92  6:56  Drone  
  92  6:57  Extractor, Hatchery, Drone  
  92  6:58  Extractor  
  92  6:59  Extractor  
  92  7:02  Zergling x2  
  92  7:03  Zergling x8  
  92  7:04  Baneling x3  
  92  7:05  Baneling  
  97  7:10  Zergling x2  
  97  7:12  Zergling x4  
  97  7:13  Zergling x2  
  97  7:14  Drone x2  
  83  7:16  Drone  
  83  7:20  Drone x2  
  86  7:27  Drone x3  
  86  7:28  Drone  
  86  7:29  Drone  
  88  7:33  Zerg Ground Armor Level 2  
  88  7:36  Hydralisk Den  
  88  7:37  Drone x4  
  90  7:40  Drone  
  90  7:43  Drone x2  
  94  7:49  Drone x3  
  97  7:53  Drone  
  97  7:54  Drone  
  95  8:09  Muscular Augments  
  95  8:12  Drone x3  
  97  8:13  Drone x3  
  97  8:14  Centrifical Hooks  
  97  8:19  Zergling x4  
  101  8:24  Zergling x6  
  104  8:28  Overlord  
  104  8:29  Overlord  
  104  8:31  Hatchery, Overlord  
  101  8:34  Baneling x5  
  101  8:35  Overlord  
  101  8:41  Overlord  
  101  8:42  Overlord  
  101  8:45  Overlord  
  101  8:46  Overlord  
  101  8:49  Hydralisk  
  101  8:50  Hydralisk, Zergling x2  
  106  8:56  Drone x2  
  106  9:01  Hydralisk  
  106  9:02  Zergling x6  
  104  9:09  Hydralisk  
  102  9:14  Hydralisk x4  
  102  9:16  Overseer  
  103  9:17  Hydralisk x2  
  103  9:21  Zergling x4  
  103  9:22  Zergling x2  
  109  9:25  Zergling x8  
  109  9:28  Hydralisk  
  109  9:29  Zergling x2  
  110  9:31  Hydralisk  
  110  9:33  Hydralisk  
  110  9:37  Hydralisk  
  110  9:38  Hydralisk x3  
  113  9:41  Hydralisk  
  113  9:45  Hydralisk x2  
  114  9:48  Zerg Melee Weapons Level 2  
  116  9:53  Zergling x2  
  116  9:54  Zergling x12  
  123  10:03  Hatchery  
  123  10:04  Zergling x4  
  123  10:08  Zergling x4  
  124  10:15  Baneling  
  124  10:16  Baneling x6  
  124  10:17  Zergling x12  
  124  10:21  Zergling x2  
  131  10:23  Zergling x4  
  131  10:26  Zergling x2  
  125  10:32  Hatchery  
  124  10:38  Zergling x2  
  124  10:39  Zergling x6  
  128  10:43  Zergling x2  
  128  10:44  Zergling x6  
  126  10:52  Zergling x12  
  126  10:55  Queen  
  130  10:57  Hydralisk  
  130  10:58  Zergling x6  
  135  11:09  Zergling x10  
  128  11:20  Zergling x16  
  128  11:27  Zergling x2  
  128  11:28  Zergling x8  
  131  11:34  Zergling x6  
  131  11:36  Zergling x2  
  131  11:37  Zergling x4  
  131  11:39  Baneling x6  
  137  11:45  Drone x2  
  137  11:46  Drone x3  
  141  11:49  Queen, Drone x4  
  141  11:50  Infestation Pit  
  141  11:54  Baneling x4  
  146  11:57  Drone  
  146  11:58  Zergling x10  
  152  12:06  Zergling x10  
  157  12:15  Zergling x2  
  157  12:18  Overlord  
  157  12:20  Zergling x6  
  157  12:21  Zergling x4  
  143  12:26  Zergling x8  
  143  12:27  Zergling x8  
  143  12:29  Hive  
  134  12:30  Infestor  
  134  12:34  Infestor  
  137  12:37  Zergling x6  
  137  12:38  Zergling x4  
  137  12:42  Zergling x4  
  138  12:45  Drone x2  
  138  12:46  Drone  
  138  12:48  Drone x4  
  138  12:49  Drone  
  143  12:54  Baneling x5  
  143  12:55  Baneling  
  143  12:57  Zergling x6  
  145  13:01  Queen  
  145  13:02  Baneling x2  
  145  13:04  Baneling  
  145  13:05  Baneling x3  
  146  13:07  Overlord  
  146  13:08  Burrow  
  146  13:13  Drone x4  
  146  13:15  Zergling x4  
  146  13:16  Zergling x4  
  146  13:17  Swarm Host  
  153  13:26  Hatchery  
  151  13:34  Hatchery, Zergling x2  
  149  13:35  Zergling x12  
  149  13:37  Baneling x3  
  156  13:45  Zergling x10  
  160  13:51  Zergling x14  
  160  13:52  Zergling x2  
  159  14:03  Zerg Ground Armor Level 3  
  159  14:06  Baneling x4  
  159  14:13  Baneling x4  
  159  14:17  Zergling x20  
  159  14:18  Zergling x6  
  171  14:25  Overlord x3  
  169  14:34  Zergling x2  
  169  14:35  Zergling x8  
  173  14:41  Hatchery  
  173  14:43  Baneling x5  
  173  14:44  Baneling x8  
  172  14:49  Zergling x8  
  174  14:55  Zergling x12  
  178  15:06  Zergling x2  
  160  15:07  Zergling x20  
  160  15:09  Zergling x4  
  160  15:13  Zergling x4  
  153  15:23  Ultralisk Cavern  
  153  15:27  Hatchery  
  145  15:36  Hatchery  
  142  15:44  Zergling x28  
  156  15:53  Zergling x12  
  161  15:58  Baneling x10  
  161  16:06  Zergling x2  
  161  16:07  Zergling x10  
  161  16:10  Chitinous Plating  
  167  16:15  Zergling x2  
  167  16:16  Zergling x6  
  161  16:21  Baneling x2  
  161  16:24  Baneling x2  
  161  16:26  Zergling x2  
  161  16:27  Zergling x4  
  159  16:33  Zergling x10  
  145  16:49  Zergling x2  
  145  16:50  Zergling x20  
  145  16:52  Zergling x2  
  145  16:53  Zergling x2  
  121  16:56  Zergling x2  
  121  16:57  Zergling x4  
  115  17:02  Zergling x8  
  115  17:04  Zergling x2  
  115  17:07  Zergling x4  
  115  17:08  Zergling x2  
  115  17:10  Zergling x2  
  115  17:11  Zergling x2  
Show
View Real Time Build Order
Export as new Build Order

ByuN Terran - Winner!

Build Orders: MMM Bio 

Get SALT Encoding   

  12  0:00  SCV  
  13  0:12  SCV  
  14  0:17  Supply Depot  
  14  0:24  SCV  
  15  0:38  SCV  
  15  0:40  Barracks  
  16  0:43  Refinery  
  16  0:51  SCV  
  17  0:59  Barracks  
  17  1:03  SCV  
  18  1:15  SCV  
  19  1:19  Barracks  
  19  1:27  Reaper  
  20  1:35  Orbital Command  
  20  1:41  Refinery  
  20  1:45  Reaper  
  21  1:52  Supply Depot  
  21  2:00  SCV  
  22  2:02  Reaper  
  23  2:14  SCV, Reaper  
  25  2:23  Reaper  
  25  2:25  Supply Depot  
  25  2:27  SCV  
  27  2:34  Reaper  
  28  2:39  SCV  
  29  2:46  Reaper  
  30  2:54  SCV  
  30  2:55  Reaper  
  32  2:59  Command Center  
  32  3:06  SCV  
  32  3:07  Reaper  
  32  3:10  Supply Depot  
  34  3:18  SCV  
  35  3:26  Reaper  
  35  3:30  Factory, SCV  
  36  3:37  Reaper  
  36  3:40  Refinery  
  37  3:43  SCV, Refinery  
  37  3:45  Reaper  
  39  3:55  SCV  
  40  4:01  Reaper  
  41  4:07  SCV  
  42  4:12  Orbital Command  
  42  4:18  Starport  
  42  4:20  Factory Reactor  
  42  4:24  Reaper  
  42  4:26  SCV  
  42  4:27  Reaper  
  45  4:33  Reaper  
  46  4:38  SCV  
  46  4:39  SCV  
  48  4:48  Supply Depot  
  48  4:50  SCV  
  48  4:51  SCV  
  50  4:57  Reaper  
  50  4:59  Reaper  
  52  5:03  SCV x2  
  52  5:04  Factory Reactor  
  52  5:05  Reaper  
  52  5:15  SCV, Medivac x2  
  52  5:16  SCV  
  58  5:27  SCV  
  58  5:28  SCV, Marine  
  60  5:31  Liberator, Marine  
  62  5:37  Marine  
  62  5:39  SCV  
  62  5:40  SCV  
  61  5:45  Widow Mine x2  
  61  5:46  Medivac  
  70  5:56  Supply Depot  
  70  5:57  SCV x2  
  70  6:03  Barracks Tech Lab, Command Center  
  72  6:04  Supply Depot  
  72  6:12  SCV x2  
  72  6:14  Barracks Reactor x2  
  72  6:27  Marine  
  72  6:30  Stimpack  
  72  6:32  SCV x2  
  74  6:33  Engineering Bay  
  74  6:34  Engineering Bay  
  74  6:44  SCV x2  
  76  6:56  SCV x2, Marine x3  
  76  6:57  Marine x2  
  76  7:01  Terran Infantry Armor Level 1, Terran Infantry Weapons Level 1  
  83  7:05  Supply Depot  
  83  7:08  SCV x2  
  75  7:16  Marine x4  
  75  7:17  Marine  
  75  7:18  Widow Mine  
  75  7:20  Widow Mine  
  84  7:28  Orbital Command  
  82  7:33  Marine  
  82  7:34  Marine x3  
  82  7:35  Marine  
  86  7:37  Medivac  
  86  7:39  Medivac  
  90  7:51  Marine x3  
  90  7:55  Marine  
  90  7:56  Marine  
  95  8:01  SCV x2  
  95  8:04  Orbital Command  
  95  8:05  Barracks  
  95  8:06  Barracks  
  95  8:09  Marine x3  
  98  8:13  SCV x2, Marine x2  
  98  8:15  Medivac  
  98  8:17  Medivac  
  103  8:27  Marine x3  
  103  8:28  Supply Depot  
  103  8:30  Combat Shields  
  103  8:31  Marine x2  
  103  8:33  Widow Mine  
  103  8:34  Widow Mine  
  108  8:38  SCV x2  
  114  8:41  SCV  
  114  8:45  Marine x2  
  117  8:50  Marine x3, SCV x2  
  117  8:53  SCV  
  117  8:54  Armory  
  117  8:55  Barracks Reactor x2, Supply Depot x2  
  114  9:02  Marine  
  114  9:03  Marine, Widow Mine  
  114  9:07  Marine x3  
  119  9:17  SCV x3  
  111  9:18  Medivac  
  111  9:20  Marine x2  
  116  9:25  Marine x3  
  116  9:27  Supply Depot  
  116  9:28  Supply Depot  
  116  9:29  SCV x2  
  121  9:31  Widow Mine  
  121  9:32  Widow Mine  
  121  9:35  Marine x3  
  123  9:43  Marine x2  
  123  9:44  Marauder, Marine x2  
  122  9:46  Marine  
  122  9:50  Supply Depot  
  123  9:53  Marine x3  
  123  9:56  Terran Infantry Armor Level 2, Terran Infantry Weapons Level 2  
  123  9:57  Factory  
  126  10:00  Marine  
  126  10:01  Marine  
  126  10:02  Marine x2  
  126  10:04  Marine x2  
  132  10:14  Marine x3  
  132  10:18  Marine x2, Factory Tech Lab  
  132  10:19  Marine x2  
  139  10:23  Marauder  
  139  10:27  Marine  
  128  10:32  Marine x3  
  128  10:33  Medivac x2  
  135  10:36  Marine x2  
  135  10:37  Marine x2, Refinery x2  
  135  10:39  Supply Depot  
  135  10:40  Supply Depot  
  139  10:44  Marauder  
  139  10:48  Marine  
  139  10:49  Marine  
  130  10:50  Marine  
  130  10:53  Marine  
  130  10:54  Siege Tank, Marine x2  
  130  10:55  Marine x2  
  132  10:58  Factory Tech Lab  
  132  11:05  Marine  
  132  11:06  Marine  
  132  11:07  Marine, Medivac x2  
  133  11:12  Terran Vehicle Weapons Level 1  
  133  11:18  Marine  
  133  11:19  Marine x4  
  133  11:20  Siege Tank, Marine  
  133  11:23  Marauder  
  140  11:26  Siege Tank  
  140  11:27  Marine  
  140  11:28  Marine  
  140  11:36  Marine  
  140  11:37  Marine  
  140  11:39  Marine x3  
  145  11:44  Marine  
  145  11:45  Marauder, Marine  
  145  11:46  Marine  
  141  11:53  Siege Tank  
  141  11:54  Marine  
  143  11:55  Marine  
  143  11:57  Marine x2  
  143  11:59  Siege Tank  
  150  12:03  Command Center  
  150  12:04  Medivac x2  
  154  12:09  Marine x4  
  156  12:18  Marine  
  156  12:19  Marauder, Marine x2  
  156  12:20  Marine  
  146  12:25  Siege Tank  
  146  12:27  Marine x2  
  146  12:28  Marine x2  
  126  12:31  Siege Tank  
  126  12:36  Marine  
  130  12:37  Marine  
  130  12:39  Marine  
  130  12:40  Marine  
  130  12:41  Marauder  
  135  12:44  Marine x2  
  135  12:46  Marine  
  135  12:48  Terran Infantry Weapons Level 3  
  138  12:53  Marine  
  138  12:54  Marine  
  138  12:55  Marine  
  138  12:57  Siege Tank  
  138  13:01  Marine  
  138  13:03  Siege Tank, Marine, Medivac x2  
  138  13:04  Marine  
  139  13:21  Marine x3  
  139  13:22  Marine x2  
  139  13:26  Planetary Fortress  
  137  13:29  Siege Tank, Marine x3  
  137  13:30  Marine  
  142  13:35  Siege Tank  
  142  13:39  Marine x3  
  142  13:40  Marine  
  142  13:41  Sensor Tower  
  149  13:46  Medivac x2  
  153  13:50  Marine x2  
  153  13:51  Marine  
  156  13:56  Marauder  
  156  13:57  Marine x2  
  156  13:58  Marine x2  
  156  14:01  Siege Tank  
  161  14:03  Terran Infantry Armor Level 3  
  161  14:07  Siege Tank  
  161  14:08  Orbital Command  
  163  14:16  Medivac x2  
  167  14:17  Marauder  
  167  14:21  Marine x2  
  164  14:24  Marine  
  164  14:26  Marine x3  
  166  14:33  Siege Tank  
  166  14:37  Marine x2  
  170  14:38  Marauder  
  170  14:39  Marine x2  
  170  14:42  Marine  
  170  14:44  Marine x2, Reaper  
  178  14:50  Barracks  
  176  14:54  Marine x2  
  176  14:57  Marine x2  
  179  15:00  Marauder, Marine  
  179  15:01  Marine  
  179  15:02  Marine  
  162  15:12  Marine x2  
  144  15:14  Marine  
  144  15:15  Marine  
  144  15:16  Marine  
  144  15:18  Marine  
  144  15:19  Marine x2  
  146  15:21  Marauder  
  146  15:22  Medivac x2  
  145  15:30  Marine x2  
  145  15:32  Siege Tank, Marine  
  145  15:33  Marine  
  145  15:34  Marine, Barracks  
  145  15:35  Liberator x2  
  148  15:36  Marine, Barracks  
  148  15:37  Marine x2, Barracks Tech Lab  
  153  15:43  Marauder  
  153  15:48  Marine x2  
  154  15:50  Marine x2  
  154  15:51  Siege Tank  
  154  15:52  Marine  
  154  15:53  Marine, Concussive Shells  
  154  15:55  Marine x2  
  154  15:57  Unknown x3  
  166  16:00  Marine  
  169  16:04  Siege Tank, Marauder  
  169  16:06  Marine x2  
  169  16:08  Marine x2  
  169  16:09  Marine  
  177  16:11  Marine  
  177  16:13  Marine x2  
  177  16:18  Marauder  
  182  16:20  Marine x2  
  182  16:23  Siege Tank, Marine x2  
  191  16:25  Marauder  
  191  16:26  Marine x2  
  191  16:27  Marine  
  194  16:38  Siege Tank  
  196  16:40  Marauder  
  196  16:41  Barracks Tech Lab  
  196  16:42  Marine x3  
  196  16:45  Marine  
  196  16:47  Marauder, Marine x2  
  196  16:49  Marine x2  
  196  16:51  Marine  
  196  16:52  Marine  
  159  16:56  Siege Tank  
  159  16:59  Marine  
  159  17:00  Marine x3  
  159  17:01  Marauder  
  167  17:03  Marine  
  167  17:05  Marine x2  
  167  17:07  Marine x2  
  164  17:08  Marauder  
  164  17:09  Marine  
  164  17:10  Marine  
Tags
 
Composition
MMM Bio
Matchup
TvZ
Spawn Locations
Cross Positions
Add a new tag
Caveats
  • Supply blocks, unpowered buildings, or Contaminate may cause inaccurate times.
  • Supply counts are checked every 10 seconds.